| TOP OF THE 1ST |
|
Kane County Cougars batting - Pitching for Great Lakes Loons : RHP Pat Matera
|
|
Pitching: RHP Pat Matera
|
|
|
Batting: RHB Francisco Gutierrez
|
0-0: Swinging Strike 0-1: Foul Ball, location: 2F 0-2: Strikes out swinging
|
|
Batting: SHB Blaine Peters
|
0-0: Ground out 6-3 (Groundball, 6S, EV 81.2 MPH)
|
|
Batting: RHB Chad Mendoza
|
0-0: Ball 1-0: Called Strike 1-1: Ball 2-1: Swinging Strike 2-2: Strikes out looking
|
| Top of the 1st over - 0 runs, 0 hits, 0 errors, 0 left on base; Kane County 0 - Great Lakes 0 |
| BOTTOM OF THE 1ST |
|
Great Lakes Loons batting - Pitching for Kane County Cougars : LHP Henry Torres
|
|
Pitching: LHP Henry Torres
|
|
|
Batting: RHB Ruben Serrata
|
0-0: Ball 1-0: Called Strike 1-1: Ball 2-1: Ball 3-1: Foul Ball, location: 2F 3-2: Strikes out swinging
|
|
Batting: LHB Tore Bosch
|
0-0: Ball 1-0: Ground out 5-3 (Groundball, 56, EV 81.2 MPH)
|
|
Batting: LHB Jesus Ramirez
|
0-0: Foul Ball, location: 2F 0-1: Foul Ball, location: 2F 0-2: Strikes out swinging
|
| Bottom of the 1st over - 0 runs, 0 hits, 0 errors, 0 left on base; Kane County 0 - Great Lakes 0 |
| TOP OF THE 2ND |
|
Kane County Cougars batting - Pitching for Great Lakes Loons : RHP Pat Matera
|
|
Batting: LHB J.P. Olson
|
0-0: Ball 1-0: Swinging Strike 1-1: Ball 2-1: Ball 3-1: SINGLE (Groundball, 6MD, EV 97.5 MPH)
|
|
Batting: RHB D.J. Cooke
|
0-0: Ball 1-0: Ball J.P. Olson is caught stealing 2nd base 2-4 2-0: DOUBLE (Line Drive, 7D, EV 106.9 MPH)
|
|
Batting: RHB Dustin Legault
|
0-0: SINGLE (Line Drive, 34D, EV 94.4 MPH) D.J. Cooke to third Runner from 3rd tries for Home, throw by RF and OUT! 9-2
|
|
Batting: RHB Sergio Manzanero
|
0-0: Ball 1-0: Ball 2-0: Ball Passed Ball! Dustin Legault to second 3-0: Called Strike 3-1: Base on Balls
|
|
Batting: LHB Jeff Trapp
|
0-0: Ball 1-0: Called Strike 1-1: Called Strike 1-2: Strikes out looking
|
| Top of the 2nd over - 0 runs, 3 hits, 0 errors, 2 left on base; Kane County 0 - Great Lakes 0 |
| BOTTOM OF THE 2ND |
|
Great Lakes Loons batting - Pitching for Kane County Cougars : LHP Henry Torres
|
|
Batting: RHB Steve Clark
|
0-0: Ball 1-0: Called Strike 1-1: Foul Ball, location: 2F 1-2: Ball 2-2: Ground out 6-3 (Groundball, 56D, EV 80.6 MPH)
|
|
Batting: SHB Xavier Alaniz
|
0-0: Ball 1-0: Called Strike 1-1: Foul Ball, location: 2F 1-2: Strikes out swinging
|
|
Batting: RHB Javier Solis
|
0-0: Foul Ball, location: 2F 0-1: Called Strike 0-2: Foul Ball, location: 2F 0-2: Foul Ball, location: 2F 0-2: Ball 1-2: Foul Ball, location: 2F 1-2: SOLO HOME RUN (Flyball, 7LD, EV 92.5 MPH), Distance : 339 ft
|
|
Batting: LHB Nate Kee
|
0-0: Ball 1-0: Ground out 4-3 (Groundball, 4S, EV 81.9 MPH)
|
| Bottom of the 2nd over - 1 run, 1 hit, 0 errors, 0 left on base; Kane County 0 - Great Lakes 1 |
| TOP OF THE 3RD |
|
Kane County Cougars batting - Pitching for Great Lakes Loons : RHP Pat Matera
|
|
Batting: RHB Ernesto Zamora
|
0-0: Ball 1-0: Fly out, F7 (Line Drive, 7LM, EV 100.0 MPH)
|
|
Batting: RHB Francisco Gutierrez
|
0-0: Called Strike 0-1: Ball 1-1: Foul Ball, location: 2F 1-2: SINGLE (Line Drive, 8RS, EV 89.4 MPH)
|
|
Batting: SHB Blaine Peters
|
0-0: Ball Francisco Gutierrez steals 2nd base 1-0: Called Strike 1-1: SINGLE (Groundball, 4MS, EV 63.1 MPH) (infield hit) Francisco Gutierrez to third
|
|
Batting: RHB Chad Mendoza
|
0-0: Called Strike Blaine Peters is caught stealing 2nd base 2-4 0-1: Swinging Strike 0-2: Ball 1-2: Ball 2-2: SINGLE (Groundball, 34D, EV 98.8 MPH) Francisco Gutierrez scores
|
|
Batting: LHB J.P. Olson
|
0-0: Ball 1-0: Ground out 4-3 (Groundball, 34D, EV 110.6 MPH)
|
| Top of the 3rd over - 1 run, 3 hits, 0 errors, 1 left on base; Kane County 1 - Great Lakes 1 |
| BOTTOM OF THE 3RD |
|
Great Lakes Loons batting - Pitching for Kane County Cougars : LHP Henry Torres
|
|
Batting: RHB Jason Baldwin
|
0-0: Ball 1-0: Ball 2-0: Ground out 3-1 (Groundball, 34S, EV 85.0 MPH)
|
|
Batting: LHB Jim Jardine
|
0-0: Foul Ball, location: 2F 0-1: Ball 1-1: Ground out 1-3 (Groundball, 13S, EV 71.2 MPH)
|
|
Batting: RHB Ruben Serrata
|
0-0: Ball 1-0: Foul Ball, location: 2F 1-1: Ball 2-1: Called Strike 2-2: Foul Ball, location: 2F 2-2: SOLO HOME RUN (Flyball, 8RXD, EV 108.1 MPH), Distance : 430 ft
|
|
Batting: LHB Tore Bosch
|
0-0: Foul Ball, location: 2F 0-1: Ball 1-1: Ball 2-1: Swinging Strike 2-2: Ball 3-2: Foul Ball, location: 2F 3-2: Base on Balls
|
|
Batting: LHB Jesus Ramirez
|
0-0: Ball 1-0: Ball 2-0: Ball 3-0: Called Strike 3-1: Swinging Strike 3-2: Strikes out swinging
|
| Bottom of the 3rd over - 1 run, 1 hit, 0 errors, 1 left on base; Kane County 1 - Great Lakes 2 |
| TOP OF THE 4TH |
|
Kane County Cougars batting - Pitching for Great Lakes Loons : RHP Pat Matera
|
|
Batting: RHB D.J. Cooke
|
0-0: Swinging Strike 0-1: Called Strike 0-2: Ground out 3-1 (Groundball, 34, EV 103.1 MPH)
|
|
Batting: RHB Dustin Legault
|
0-0: Called Strike 0-1: Ball 1-1: Ground out 1-3 (Groundball, 13S, EV 65.6 MPH)
|
|
Batting: RHB Sergio Manzanero
|
0-0: Called Strike 0-1: Ball 1-1: Ball 2-1: Foul Ball, location: 2F 2-2: Ball 3-2: Strikes out swinging
|
| Top of the 4th over - 0 runs, 0 hits, 0 errors, 0 left on base; Kane County 1 - Great Lakes 2 |
| BOTTOM OF THE 4TH |
|
Great Lakes Loons batting - Pitching for Kane County Cougars : LHP Henry Torres
|
|
Batting: RHB Steve Clark
|
0-0: Hit by Pitch
|
|
Batting: SHB Xavier Alaniz
|
0-0: Ball 1-0: SINGLE (Groundball, 56D, EV 102.5 MPH) Steve Clark to second
|
|
Batting: RHB Javier Solis
|
0-0: Called Strike 0-1: Called Strike 0-2: Strikes out swinging
|
|
Batting: LHB Nate Kee
|
0-0: Foul Ball, location: 2F 0-1: Ball 1-1: Ball 2-1: Called Strike 2-2: Strikes out looking
|
|
Batting: RHB Jason Baldwin
|
0-0: Called Strike 0-1: Ball 1-1: Ball 2-1: Swinging Strike 2-2: SINGLE (Groundball, 4MS, EV 69.4 MPH) (infield hit) Steve Clark to third Xavier Alaniz to second
|
|
Batting: LHB Jim Jardine
|
0-0: Ball 1-0: Called Strike 1-1: Swinging Strike 1-2: Hit by Pitch Steve Clark scores Xavier Alaniz to third Jason Baldwin to second
|
|
Batting: RHB Ruben Serrata
|
0-0: Foul Ball, location: 2F 0-1: Fielders Choice at 2nd, 6-4 (Groundball, 6D, EV 86.2 MPH)
|
| Bottom of the 4th over - 1 run, 2 hits, 0 errors, 3 left on base; Kane County 1 - Great Lakes 3 |
| TOP OF THE 5TH |
|
Kane County Cougars batting - Pitching for Great Lakes Loons : RHP Pat Matera
|
|
Batting: LHB Jeff Trapp
|
0-0: Swinging Strike 0-1: Swinging Strike 0-2: Ball 1-2: Strikes out looking
|
|
Batting: RHB Ernesto Zamora
|
0-0: Ball 1-0: Foul Ball, location: 2F 1-1: Foul Ball, location: 2F 1-2: Ball 2-2: Ball 3-2: Foul Ball, location: 2F 3-2: Ground out 5-3 (Groundball, 56, EV 90.0 MPH)
|
|
Batting: RHB Francisco Gutierrez
|
0-0: Ball 1-0: Fly out, F8 (Flyball, 78D, EV 108.8 MPH)
|
| Top of the 5th over - 0 runs, 0 hits, 0 errors, 0 left on base; Kane County 1 - Great Lakes 3 |
| BOTTOM OF THE 5TH |
|
Great Lakes Loons batting - Pitching for Kane County Cougars : LHP Henry Torres
|
|
Batting: LHB Tore Bosch
|
0-0: Called Strike 0-1: Called Strike 0-2: Ball 1-2: Ball 2-2: Foul Ball, location: 2F 2-2: Foul Ball, location: 2F 2-2: Fly out, F7 (Flyball, 78M, EV 92.5 MPH)
|
|
Batting: LHB Jesus Ramirez
|
0-0: Called Strike 0-1: Called Strike 0-2: Ball 1-2: Ball 2-2: Ground out 3-1 (Groundball, 34, EV 80.0 MPH)
|
|
Batting: RHB Steve Clark
|
0-0: Called Strike 0-1: Ball 1-1: Ball 2-1: Ball 3-1: Base on Balls
|
|
Batting: SHB Xavier Alaniz
|
0-0: Called Strike 0-1: Ball 1-1: Fly out, F7 (Flyball, 7D, EV 83.8 MPH)
|
| Bottom of the 5th over - 0 runs, 0 hits, 0 errors, 1 left on base; Kane County 1 - Great Lakes 3 |
| TOP OF THE 6TH |
|
Kane County Cougars batting - Pitching for Great Lakes Loons : RHP Pat Matera
|
|
Batting: SHB Blaine Peters
|
0-0: Called Strike 0-1: Ball 1-1: Ground out 4-3 (Groundball, 4MD, EV 83.8 MPH)
|
|
Batting: RHB Chad Mendoza
|
0-0: Swinging Strike 0-1: Foul Ball, location: 2F 0-2: DOUBLE (Flyball, 78XD, EV 100.6 MPH)
|
|
Batting: LHB J.P. Olson
|
0-0: Ball 1-0: Called Strike 1-1: Swinging Strike 1-2: Strikes out swinging
|
|
Batting: RHB D.J. Cooke
|
0-0: Foul Ball, location: 2F 0-1: Ball 1-1: Foul Ball, location: 2F 1-2: Ball 2-2: Ball 3-2: Foul Ball, location: 2F 3-2: Ground out 4-3 (Groundball, 4MS, EV 84.4 MPH)
|
| Top of the 6th over - 0 runs, 1 hit, 0 errors, 1 left on base; Kane County 1 - Great Lakes 3 |
| BOTTOM OF THE 6TH |
|
Great Lakes Loons batting - Pitching for Kane County Cougars : LHP Henry Torres
|
|
Batting: RHB Javier Solis
|
0-0: Ball 1-0: Ball 2-0: Ball 3-0: Called Strike 3-1: Swinging Strike 3-2: Base on Balls
|
|
Pitching: RHP John Petersen
|
|
|
Batting: LHB Nate Kee
|
0-0: Ball 1-0: Foul Ball, location: 2F 1-1: Foul Ball, location: 2F 1-2: Ball 2-2: Ball 3-2: Base on Balls Javier Solis to second
|
|
Batting: RHB Jason Baldwin
|
0-0: Ball 1-0: Ball 2-0: Ball 3-0: Called Strike 3-1: Grounds into double play, 3-6-3 (Groundball, 34, EV 100.0 MPH) Javier Solis to third
|
|
Batting: LHB Jim Jardine
|
0-0: Swinging Strike 0-1: Fly out, F8 (Flyball, 8RM, EV 93.1 MPH)
|
| Bottom of the 6th over - 0 runs, 0 hits, 0 errors, 1 left on base; Kane County 1 - Great Lakes 3 |
| TOP OF THE 7TH |
|
Kane County Cougars batting - Pitching for Great Lakes Loons : RHP Pat Matera
|
|
Now at 3B: Trevor Conklin
|
|
|
Batting: RHB Dustin Legault
|
0-0: Ground out 1-3 (Groundball, 13, EV 70.0 MPH)
|
|
Batting: RHB Sergio Manzanero
|
0-0: Foul Ball, location: 2F 0-1: Ball 1-1: Foul Ball, location: 2F 1-2: Foul Ball, location: 2F 1-2: SOLO HOME RUN (Flyball, 9D, EV 101.9 MPH), Distance : 362 ft
|
|
Batting: LHB Jeff Trapp
|
0-0: Foul Ball, location: 2F 0-1: Ball 1-1: Foul Ball, location: 2F 1-2: Strikes out looking
|
|
Batting: RHB Ernesto Zamora
|
0-0: SINGLE (Groundball, 56D, EV 95.0 MPH)
|
|
Batting: RHB Francisco Gutierrez
|
0-0: Called Strike Ernesto Zamora steals 2nd base 0-1: Foul Ball, location: 2F 0-2: Ball 1-2: Ball 2-2: Foul Ball, location: 2F 2-2: Ball 3-2: Ground out U3 (Groundball, 34, EV 105.0 MPH)
|
| Top of the 7th over - 1 run, 2 hits, 0 errors, 1 left on base; Kane County 2 - Great Lakes 3 |
| BOTTOM OF THE 7TH |
|
Great Lakes Loons batting - Pitching for Kane County Cougars : RHP John Petersen
|
|
Pitching: RHP Jaylen Hatten
|
|
|
Batting: RHB Ruben Serrata
|
0-0: SINGLE (Groundball, 4S, EV 67.5 MPH) (infield hit)
|
|
Batting: LHB Tore Bosch
|
0-0: Ball 1-0: Bunted foul 1-1: Called Strike Ruben Serrata steals 2nd base (no throw) 1-2: Ball 2-2: Foul Ball, location: 2F 2-2: SINGLE (Flyball, 5D, EV 91.2 MPH) Ruben Serrata to third
|
|
Batting: LHB Jesus Ramirez
|
0-0: Ball 1-0: Ball 2-0: Grounds into double play, 4-6-3 (Groundball, 4M, EV 104.4 MPH) Ruben Serrata scores
|
|
Batting: RHB Steve Clark
|
0-0: Swinging Strike 0-1: Ball 1-1: Foul Ball, location: 2F 1-2: Ball 2-2: Strikes out swinging
|
| Bottom of the 7th over - 1 run, 2 hits, 0 errors, 0 left on base; Kane County 2 - Great Lakes 4 |
| TOP OF THE 8TH |
|
Kane County Cougars batting - Pitching for Great Lakes Loons : RHP Pat Matera
|
|
Now in LF: Justin Curran
|
|
|
Batting: SHB Blaine Peters
|
0-0: Fly out, F8 (Flyball, 8LS, EV 83.1 MPH)
|
|
Batting: RHB Chad Mendoza
|
0-0: Called Strike 0-1: Ball 1-1: SINGLE (Groundball, 6, EV 98.1 MPH)
|
|
Pitching: RHP Matt Hager
|
|
|
Batting: LHB J.P. Olson
|
0-0: Called Strike 0-1: Ball 1-1: Foul Ball, location: 2F 1-2: Fly out, F8 (Line Drive, 8RM, EV 96.9 MPH)
|
|
Batting: RHB D.J. Cooke
|
0-0: Ball 1-0: Foul Ball, location: 2F 1-1: Called Strike 1-2: Ball 2-2: Ball 3-2: Strikes out swinging
|
| Top of the 8th over - 0 runs, 1 hit, 0 errors, 1 left on base; Kane County 2 - Great Lakes 4 |
| BOTTOM OF THE 8TH |
|
Great Lakes Loons batting - Pitching for Kane County Cougars : RHP Jaylen Hatten
|
|
Batting: SHB Xavier Alaniz
|
0-0: Ball 1-0: Foul Ball, location: 2F 1-1: Foul Ball, location: 2F 1-2: Ball 2-2: SINGLE (Flyball, 78S, EV 92.5 MPH)
|
|
Batting: RHB Javier Solis
|
0-0: Bunt missed! 0-1: Ball 1-1: Bunt missed! 1-2: Foul Ball, location: 2F 1-2: SINGLE (Groundball, 6D, EV 106.2 MPH) Xavier Alaniz to second
|
|
Batting: RHB Trevor Conklin
|
0-0: Ball 1-0: Called Strike 1-1: Ball 2-1: Reached on error, E6 (Groundball, 6, EV 82.5 MPH) Xavier Alaniz to third Javier Solis to second
|
|
Batting: RHB Jason Baldwin
|
0-0: Ball 1-0: Swinging Strike 1-1: Foul Ball, location: 2F 1-2: Strikes out looking
|
|
Batting: LHB Jim Jardine
|
0-0: Swinging Strike 0-1: Ball 1-1: Foul Ball, location: 2F 1-2: Foul Ball, location: 2F 1-2: Ball 2-2: Grounds into fielders choice 1-2 (Groundball, 15S, EV 76.2 MPH) Javier Solis to third Trevor Conklin to second
|
|
Pitching: RHP Sam Lewis
|
|
|
Batting: RHB Ruben Serrata
|
0-0: Ground out 4-3 (Groundball, 4D, EV 103.8 MPH)
|
| Bottom of the 8th over - 0 runs, 2 hits, 1 error, 3 left on base; Kane County 2 - Great Lakes 4 |
| TOP OF THE 9TH |
|
Kane County Cougars batting - Pitching for Great Lakes Loons : RHP Matt Hager
|
|
Pitching: RHP Adonis Loyd
|
|
|
Batting: RHB Dustin Legault
|
0-0: Ball 1-0: Ball 2-0: Ball 3-0: Called Strike 3-1: Foul Ball, location: 2F 3-2: Strikes out looking
|
|
Batting: RHB Sergio Manzanero
|
0-0: Ball 1-0: Ball 2-0: Called Strike 2-1: Called Strike 2-2: Ball 3-2: Foul Ball, location: 2F 3-2: SINGLE (Groundball, 56D, EV 96.9 MPH)
|
|
Batting: LHB Jeff Trapp
|
0-0: Called Strike 0-1: Called Strike 0-2: Ball 1-2: Ball 2-2: Strikes out swinging
|
|
Batting: RHB Ernesto Zamora
|
0-0: Ball 1-0: Fielders Choice at 2nd, 6-4 (Groundball, 6, EV 90.0 MPH)
|
| Top of the 9th over - 0 runs, 1 hit, 0 errors, 1 left on base; Kane County 2 - Great Lakes 4 |
|